 Dungeon Crawl Stone Soup version 0.21.1-1-g345015f (webtiles) character file.

500 zishaf the Sneak (level 7, -1/38 HPs)
             Began as a Vine Stalker Assassin on June 13, 2018.
             Slain by maximusg's ghost (3 damage)
             ... on level 4 of the Dungeon.
             The game lasted 00:08:13 (3865 turns).

zishaf the Sneak (Vine Stalker Assassin)            Turns: 3865, Time: 00:08:13

Health: -1/38      AC:  5    Str: 15    XL:     7   Next: 16%
Magic:  0/17       EV: 12    Int: 11    God:
Gold:   188        SH:  0    Dex: 16    Spells: 6/6 levels left

rFire    . . .     SeeInvis .   u - +2 dagger (drain)
rCold    . . .     Gourm    .   (no shield)
rNeg     . . .     Faith    .   h - +0 leather armour (curse)
rPois    .         Spirit   +   (no helmet)
rElec    .         Reflect  .   d - +0 cloak
rCorr    .         Harm     .   o - +0 pair of gloves
MR       .....                  (no boots)
Stlth    +++.......             (no amulet)
HPRegen  0.52/turn              n - ring of magical power
MPRegen  0.15/turn              (no ring)

@: no status effects
A: fangs 2, regeneration 1, magic shield, antimagic bite, no potion heal 3, rot
immunity
a: no special abilities


You were on level 4 of the Dungeon.
You were not hungry.

You visited 1 branch of the dungeon, and saw 4 of its levels.

You collected 188 gold pieces.

Inventory:

Hand Weapons
 b - a +0 blowgun
 u - a +2 dagger of draining (weapon)
Missiles
 e - 8 poisoned needles
 f - 2 curare-tipped needles
Armour
 c - a +0 robe
 d - a +0 cloak (worn)
 h - a cursed +0 leather armour (worn)
 o - a +0 pair of gloves (worn)
 x - a +3 chain mail
Jewellery
 n - a ring of magical power (left hand)
Wands
 p - a wand of flame (20)
 v - a wand of paralysis (13)
Scrolls
 i - a scroll of fear {unknown}
 j - 4 scrolls of enchant weapon {unknown}
 l - 3 scrolls of remove curse {unknown}
 m - a scroll of magic mapping {unknown}
 q - 3 scrolls of identify {unknown}
 t - a scroll of teleportation {unknown}
Potions
 a - 2 potions of brilliance {unknown}
 k - 2 potions of degeneration {unknown}
 r - a potion of agility {unknown}
 s - 4 potions of curing {unknown}
 w - a potion of might
 z - a potion of magic {unknown}
Comestibles
 g - 6 rations
 A - 7 chunks of flesh


   Skills:
 * Level 4.9 Fighting
 - Level 3.0 Short Blades
 + Level 3.6 Throwing
 - Level 2.0 Dodging
 - Level 5.0 Stealth


You had 6 spell levels left.
You didn't know any spells.

Dungeon Overview and Level Annotations

Branches:
Dungeon (4/15)
 Temple: D:4-7

Altars:

Annotations:
D:3 exclusion: downstairs
D:4 maximusg's ghost, novice MiBe


Innate Abilities, Weirdness & Mutations

You have extremely sharp teeth.
Your natural rate of healing is unusually fast.
When hurt, damage is shared between your health and your magic reserves.
Your bite disrupts and absorbs the magic of your enemies.
Potions cannot restore your health.
You are immune to rotting.


Message History

Maximusg's ghost is moderately damaged.
Maximusg's ghost hits you but does no damage.
You hit maximusg's ghost. Your bite misses maximusg's ghost.
Maximusg's ghost is heavily damaged.
Maximusg's ghost hits you!
* * * LOW HITPOINT WARNING * * *
You hit maximusg's ghost. Your bite misses maximusg's ghost.
Maximusg's ghost is heavily damaged.
Maximusg's ghost hits you but does no damage.
You barely miss maximusg's ghost.
You bite maximusg's ghost, but do no damage.
Maximusg's ghost is heavily damaged.
Some of the chunks of flesh in your inventory have rotted away.
You hit maximusg's ghost.
Maximusg's ghost is heavily damaged.
Maximusg's ghost hits you but does no damage.
You hit maximusg's ghost but do no damage.
Maximusg's ghost is heavily damaged.
Maximusg's ghost hits you.
You die...

....##. ....# ........#
....# ........###....#
#..............#
##..(..........# #.#
...............# #..
#.............##### ###.
...#....@W....##... ...
.........#######.#### #.
.......>............####.
..#.................)....
#.................[....
.......##.#.....##.)###.
.##.######.####..##..# #.
... #.. ....##..# #. ##
#.###........ #.


You could see maximusg's ghost.

Vanquished Creatures
  An ogre (D:4)
  2 crimson imps
  A jelly (D:4)
  An orc priest (D:4)
  An orc wizard (D:3)
  Ijyb (D:3)
  Natasha (thrice) (D:3)
  5 adders
  An ooze (D:3)
  A worm (D:3)
  4 dart slugs
  5 leopard geckos
  4 orcs
  3 ball pythons
  7 bats
  4 giant cockroaches
  5 goblins
  10 hobgoblins
  15 jackals
  13 kobolds
  A quokka (D:2)
  6 frilled lizards
  2 jackal skeletons (D:4)
  6 rats
102 creatures vanquished.

Notes
Turn   | Place    | Note
-------+----------+-------------------------------------------
     0 | D:1      | zishaf the Vine Stalker Assassin began the quest for the Orb.
     0 | D:1      | Reached XP level 1. HP: 11/11 MP: 2/2
    65 | D:1      | Reached skill level 5 in Stealth
    91 | D:1      | Reached XP level 2. HP: 7/15 MP: 1/3
   608 | D:1      | Reached XP level 3. HP: 18/18 MP: 4/4
   757 | D:1      | Reached skill level 1 in Dodging
  1471 | D:2      | Gained mutation: Your natural rate of healing is unusually fast. [Vine Stalker growth]
  1471 | D:2      | Reached XP level 4. HP: 21/23 MP: 5/5
  1587 | D:2      | Reached XP level 5. HP: 15/28 MP: 6/6
  2718 | D:3      | Reached XP level 6. HP: 32/32 MP: 7/7
  2800 | D:3      | Noticed Ijyb
  2814 | D:3      | Paralysed by Ijyb for 5 turns
  2825 | D:3      | Killed Ijyb
  2894 | D:3      | Noticed Natasha
  2899 | D:3      | Killed Natasha
  3120 | D:3      | Noticed Natasha
  3135 | D:3      | Killed Natasha
  3300 | D:3      | Noticed Natasha
  3308 | D:3      | Killed Natasha
  3359 | D:4      | Noticed maximusg's ghost (novice MiBe)
  3754 | D:4      | Reached XP level 7. HP: 25/38 MP: 8/8
  3861 | D:4      | HP: 1/38 [maximusg's ghost (4)]
  3865 | D:4      | Slain by maximusg's ghost

Skill      XL: |  1  2  3  4  5  6 |
---------------+-------------------+-----
Throwing       | 2 3 |  3.6
Stealth        | 5 |  5.0
Fighting       | 2 3 4 |  4.9
Short Blades   | 2 3 |  3.0
Dodging        | 1 2 |  2.0

Action                   |  1- 3 |  4- 6 |  7- 9 || total
-------------------------+-------+-------+-------++-------
Melee: Dagger            |   110 |   222 |    43 ||   375
       Bite              |    29 |    57 |    15 ||   101
 Stab: Sleeping          |    10 |     8 |       ||    18
  Eat: Chunk             |     2 |     7 |     1 ||    10
Armor: Robe              |    16 |       |       ||    16
       Leather armour    |     6 |    52 |    12 ||    70
Dodge: Dodged            |    48 |   112 |    20 ||   180
